3AAA
BRINKLEY BELUGAS @ LÉVIS ROCKS
05/23/2017
 
TOP OF THE 1ST
Brinkley Belugas batting - Pitching for Lévis Rocks : LHP Jim Unknown
Pitching: LHP Jim Unknown
Batting: LHB George Wilcox 0-0: Called Strike
0-1: SINGLE (Groundball, 56D)
Batting: RHB Alberto Morales 0-0: Ball
1-0: Called Strike
1-1: Ball
2-1: Fly out, F9 (Flyball, 9M)
Batting: RHB Cullen Spencer 0-0: Ball
Wild Pitch!
George Wilcox to second
1-0: SINGLE (Flyball, 8LS)
George Wilcox to third
Runner from 3rd tries for Home, SAFE, throw made home
Batting: RHB José Romano 0-0: Foul Ball, location: 2F
0-1: Ball
1-1: Foul Ball, location: 2F
1-2: Foul Ball, location: 2F
1-2: Strikes out looking
Batting: SHB Edgar Cantú 0-0: Foul Ball, location: 2F
0-1: Called Strike
0-2: Ball
1-2: Foul Ball, location: 2F
1-2: Ball
2-2: Strikes out swinging
Top of the 1st over - 1 run(s), 2 hit(s), 0 error(s), 1 left on base; Brinkley 1 - Lévis 0
BOTTOM OF THE 1ST
Lévis Rocks batting - Pitching for Brinkley Belugas : RHP Kirk Evans
Pitching: RHP Kirk Evans
Batting: SHB Tim Eldridge 0-0: Ball
1-0: Ball
2-0: SINGLE (Line Drive, 34D)
Batting: RHB Bernardo Burgos 0-0: Ball
1-0: Ball
2-0: Ball
3-0: Called Strike
3-1: SINGLE (Groundball, 56D)
Tim Eldridge to second
Batting: RHB Dan Holliday 0-0: Ground out 6-3 (Groundball, 6MS)
Tim Eldridge to third
Bernardo Burgos to second
Batting: RHB Ernie McPherson 0-0: Ball
1-0: Called Strike
1-1: Ground out 4-3 (Groundball, 4M)
Tim Eldridge scores
Bernardo Burgos to third
Batting: RHB Raúl Valadez 0-0: Ball
1-0: Foul Ball, location: 2F
1-1: Called Strike
1-2: Fly out, F8 (Line Drive, 8RM)
Bottom of the 1st over - 1 run(s), 2 hit(s), 0 error(s), 1 left on base; Brinkley 1 - Lévis 1
TOP OF THE 2ND
Brinkley Belugas batting - Pitching for Lévis Rocks : LHP Jim Unknown
Batting: RHB Carlos Salinas 0-0: Fly out, F8 (Flyball, 8RD)
Batting: LHB Fred Riley 0-0: Called Strike
0-1: Ball
1-1: Swinging Strike
1-2: Strikes out looking
Batting: RHB Dave Nichols 0-0: Ball
1-0: Swinging Strike
1-1: Ball
2-1: Foul Ball, location: 2F
2-2: Fly out, F3 (Popup, 34S)
Top of the 2nd over - 0 run(s), 0 hit(s), 0 error(s), 0 left on base; Brinkley 1 - Lévis 1
BOTTOM OF THE 2ND
Lévis Rocks batting - Pitching for Brinkley Belugas : RHP Kirk Evans
Batting: SHB Bartolo Fernández 0-0: Ball
1-0: Ball
2-0: Called Strike
2-1: Ball
3-1: Foul Ball, location: 2F
3-2: SINGLE (Line Drive, 8LS)
Batting: SHB Monte Adams 0-0: Ball
1-0: Ball
2-0: Ball
3-0: Base on Balls
Bartolo Fernández to second
Batting: RHB Jim Unknown 0-0: Called Strike
0-1: Ball
1-1: Ball
2-1: Foul Ball, location: 2F
2-2: Ball
3-2: Foul Ball, location: 2F
3-2: Base on Balls
Bartolo Fernández to third
Monte Adams to second
Batting: RHB Jim Unknown 0-0: Fly out, F9 (Flyball, 89S)
Batting: SHB Tim Eldridge 0-0: Foul Ball, location: 2F
0-1: Foul Ball, location: 2F
0-2: Ball
1-2: Strikes out looking
Batting: RHB Bernardo Burgos 0-0: Called Strike
0-1: Swinging Strike
0-2: Foul Ball, location: 2F
0-2: Ball
1-2: Foul Ball, location: 2F
1-2: Ball
2-2: Ball
3-2: Fly out, F9 (Line Drive, 89M)
Bottom of the 2nd over - 0 run(s), 1 hit(s), 0 error(s), 3 left on base; Brinkley 1 - Lévis 1
TOP OF THE 3RD
Brinkley Belugas batting - Pitching for Lévis Rocks : LHP Jim Unknown
Now in CF: Jim Unknown
Batting: SHB Earl Holman 0-0: Ball
1-0: Fly out, F8 (Flyball, 8RM)
Batting: LHB George Wilcox 0-0: Called Strike
0-1: Fly out, F7 (Flyball, 7D)
Batting: RHB Alberto Morales 0-0: Called Strike
0-1: Ball
1-1: SINGLE (Groundball, 6MD)
Batting: RHB Cullen Spencer 0-0: Called Strike
0-1: Ground out 6-3 (Groundball, 6)
Top of the 3rd over - 0 run(s), 1 hit(s), 0 error(s), 1 left on base; Brinkley 1 - Lévis 1
BOTTOM OF THE 3RD
Lévis Rocks batting - Pitching for Brinkley Belugas : RHP Kirk Evans
Batting: RHB Dan Holliday 0-0: Called Strike
0-1: Swinging Strike
0-2: Ball
1-2: Ground out 5-3 (Groundball, 56S)
Batting: RHB Ernie McPherson 0-0: Ball
1-0: Ball
2-0: Foul Ball, location: 2F
2-1: Fly out, F9 (Flyball, 3DF)
Batting: RHB Raúl Valadez 0-0: Ball
1-0: Ball
2-0: SOLO HOME RUN (Flyball, 7D), Distance : 368 ft
Batting: SHB Bartolo Fernández 0-0: Called Strike
0-1: Ball
1-1: Swinging Strike
1-2: Strikes out swinging
Bottom of the 3rd over - 1 run(s), 1 hit(s), 0 error(s), 0 left on base; Brinkley 1 - Lévis 2
TOP OF THE 4TH
Brinkley Belugas batting - Pitching for Lévis Rocks : LHP Jim Unknown
Batting: RHB José Romano 0-0: Ball
1-0: Ball
2-0: Ball
3-0: Base on Balls
Batting: SHB Edgar Cantú 0-0: Ball
1-0: Called Strike
1-1: Ball
2-1: Grounds into double play, 4-6-3 (Groundball, 4)
Batting: RHB Carlos Salinas 0-0: Called Strike
0-1: Ball
1-1: Ground out 4-3 (Groundball, 4)
Top of the 4th over - 0 run(s), 0 hit(s), 0 error(s), 0 left on base; Brinkley 1 - Lévis 2
BOTTOM OF THE 4TH
Lévis Rocks batting - Pitching for Brinkley Belugas : RHP Kirk Evans
Batting: SHB Monte Adams 0-0: Called Strike
0-1: Swinging Strike
0-2: Ball
1-2: SINGLE (Groundball, 34D)
Batting: RHB Jim Unknown 0-0: Ball
Monte Adams steals 2nd base
1-0: Foul Ball, location: 2F
1-1: Swinging Strike
1-2: Foul Ball, location: 2F
1-2: Strikes out looking
Batting: RHB Jim Unknown 0-0: Ball
1-0: Called Strike
1-1: Foul Ball, location: 2F
1-2: Foul Ball, location: 2F
1-2: SINGLE (Flyball, 89S)
Monte Adams to third
Throwing error, E9
Monte Adams scores
Jim Unknown to second
Batting: SHB Jim Unknown 0-0: Ball
1-0: Called Strike
1-1: Foul Ball, location: 2F
1-2: Strikes out swinging
Batting: RHB Bernardo Burgos 0-0: Called Strike
0-1: Foul Ball, location: 2F
0-2: 2-RUN HOME RUN (Flyball, 78XD), Distance : 404 ft
Batting: RHB Dan Holliday 0-0: Ball
1-0: Ground out 4-3 (Groundball, 4)
Bottom of the 4th over - 3 run(s), 3 hit(s), 1 error(s), 0 left on base; Brinkley 1 - Lévis 5
TOP OF THE 5TH
Brinkley Belugas batting - Pitching for Lévis Rocks : LHP Jim Unknown
Batting: LHB Fred Riley 0-0: Swinging Strike
0-1: SINGLE (Groundball, 56D) (infield hit)
Batting: RHB Dave Nichols 0-0: Ball
1-0: Foul Ball, location: 2F
1-1: Grounds into double play, 6-4-3 (Groundball, 56)
Batting: SHB Earl Holman 0-0: Ball
1-0: Ball
2-0: Ground out 6-3 (Groundball, 6M)
Top of the 5th over - 0 run(s), 1 hit(s), 0 error(s), 0 left on base; Brinkley 1 - Lévis 5
BOTTOM OF THE 5TH
Lévis Rocks batting - Pitching for Brinkley Belugas : RHP Kirk Evans
Batting: RHB Ernie McPherson 0-0: Ball
1-0: Foul Ball, location: 2F
1-1: Ball
2-1: Ball
3-1: Ground out 1-3 (Groundball, 23)
Batting: RHB Raúl Valadez 0-0: Ball
1-0: Ground out 5-3 (Groundball, 56)
Batting: SHB Bartolo Fernández 0-0: Ball
1-0: Called Strike
1-1: Ground out U3 (Groundball, 3)
Bottom of the 5th over - 0 run(s), 0 hit(s), 0 error(s), 0 left on base; Brinkley 1 - Lévis 5
TOP OF THE 6TH
Brinkley Belugas batting - Pitching for Lévis Rocks : LHP Jim Unknown
Batting: LHB George Wilcox 0-0: Bunt missed!
0-1: Ball
1-1: Ground out U3 (Groundball, 3)
Batting: RHB Alberto Morales 0-0: Ball
1-0: Foul Ball, location: 2F
1-1: Ball
2-1: Ball
3-1: Called Strike
3-2: Foul Ball, location: 2F
3-2: Foul Ball, location: 2F
3-2: Foul Ball, location: 2F
3-2: Foul Ball, location: 2F
3-2: DOUBLE (Flyball, 9LM)
Batting: RHB Cullen Spencer 0-0: Ball
1-0: Ball
2-0: SINGLE (Groundball, 6MD)
Alberto Morales to third
Runner from 3rd tries for Home, SAFE, throw made home
Cullen Spencer to second
Batting: RHB José Romano 0-0: Ball
1-0: Fly out, F3 (Popup, 3L)
Batting: SHB Edgar Cantú 0-0: Fly out, F8 (Flyball, 8LM)
Top of the 6th over - 1 run(s), 2 hit(s), 0 error(s), 1 left on base; Brinkley 2 - Lévis 5
BOTTOM OF THE 6TH
Lévis Rocks batting - Pitching for Brinkley Belugas : RHP Kirk Evans
Batting: SHB Monte Adams 0-0: Ball
1-0: SOLO HOME RUN (Flyball, 78XD), Distance : 392 ft
Pitching: RHP Cisco Manuel
Batting: RHB Jim Unknown 0-0: Ball
1-0: DOUBLE (Line Drive, 7LM)
Batting: RHB Jim Unknown 0-0: Ball
1-0: Called Strike
1-1: Ball
2-1: SINGLE (Line Drive, 89M)
Jim Unknown to third
Batting: SHB Jim Unknown 0-0: Called Strike
0-1: Ball
1-1: Ball
2-1: Called Strike
2-2: Ball
3-2: Foul Ball, location: 2F
3-2: Ground out 4-3 (Groundball, 4M)
Jim Unknown scores
Jim Unknown to second
Batting: RHB Bernardo Burgos 0-0: Ball
1-0: Foul Ball, location: 2F
1-1: Ball
2-1: Ground out 4-3 (Groundball, 34)
Jim Unknown to third
Batting: RHB Dan Holliday 0-0: SINGLE (Line Drive, 56D)
Jim Unknown scores
Batting: RHB Ernie McPherson 0-0: Ball
1-0: Ball
2-0: Ball
3-0: Called Strike
3-1: Base on Balls
Dan Holliday to second
Batting: RHB Raúl Valadez 0-0: Ball
1-0: Called Strike
1-1: Foul Ball, location: 2F
1-2: 3-RUN HOME RUN (Flyball, 78XD), Distance : 409 ft
Pitching: LHP Chad Price
Batting: SHB Bartolo Fernández 0-0: Called Strike
0-1: Ball
1-1: Ball
2-1: Foul Ball, location: 2F
2-2: Fly out, F8 (Flyball, 8LM)
Bottom of the 6th over - 6 run(s), 5 hit(s), 0 error(s), 0 left on base; Brinkley 2 - Lévis 11
TOP OF THE 7TH
Brinkley Belugas batting - Pitching for Lévis Rocks : LHP Jim Unknown
Batting: RHB Carlos Salinas 0-0: Ball
1-0: Ball
2-0: Swinging Strike
2-1: Ball
3-1: SINGLE (Groundball, 6MD)
Batting: LHB Fred Riley 0-0: Ball
1-0: Fly out, F8 (Flyball, 8LM)
Batting: RHB Dave Nichols 0-0: Ball
1-0: Called Strike
1-1: Foul Ball, location: 2F
1-2: Ball
2-2: 2-RUN HOME RUN (Flyball, 7D), Distance : 381 ft
Batting: SHB Earl Holman 0-0: Called Strike
0-1: SINGLE (Groundball, 4M)
Batting: LHB George Wilcox 0-0: Called Strike
0-1: Ball
1-1: Swinging Strike
1-2: Ball
2-2: Ball
3-2: Base on Balls
Earl Holman to second
Batting: RHB Alberto Morales 0-0: Ball
1-0: Called Strike
1-1: Foul Ball, location: 2F
1-2: Ball
2-2: Ball
3-2: Foul Ball, location: 2F
3-2: SINGLE (Groundball, 4D)
Earl Holman to third
George Wilcox to second
Batting: RHB Cullen Spencer 0-0: Called Strike
0-1: Ball
1-1: SINGLE (Line Drive, 7S)
Earl Holman scores
George Wilcox to third
Alberto Morales to second
Batting: RHB José Romano 0-0: Grounds into double play, 5-4-3 (Groundball, 56)
Top of the 7th over - 3 run(s), 5 hit(s), 0 error(s), 2 left on base; Brinkley 5 - Lévis 11
BOTTOM OF THE 7TH
Lévis Rocks batting - Pitching for Brinkley Belugas : LHP Chad Price
Batting: SHB Monte Adams 0-0: Swinging Strike
0-1: Called Strike
0-2: Ball
1-2: Strikes out looking
Batting: RHB Jim Unknown 0-0: Called Strike
0-1: Called Strike
0-2: Ball
1-2: Ball
2-2: Fly out, F3 (Line Drive, 34S)
Batting: RHB Jim Unknown 0-0: Ball
1-0: Foul Ball, location: 2F
1-1: Foul Ball, location: 2F
1-2: Ground out 5-3 (Groundball, 5)
Bottom of the 7th over - 0 run(s), 0 hit(s), 0 error(s), 0 left on base; Brinkley 5 - Lévis 11
TOP OF THE 8TH
Brinkley Belugas batting - Pitching for Lévis Rocks : LHP Jim Unknown
Batting: SHB Edgar Cantú 0-0: Ground out 1-3 (Groundball, 13)
Batting: RHB Carlos Salinas 0-0: Foul Ball, location: 2F
0-1: Swinging Strike
0-2: Strikes out swinging
Batting: LHB Fred Riley 0-0: Ball
1-0: Foul Ball, location: 2F
1-1: Ground out 5-3 (Groundball, 15S)
Top of the 8th over - 0 run(s), 0 hit(s), 0 error(s), 0 left on base; Brinkley 5 - Lévis 11
BOTTOM OF THE 8TH
Lévis Rocks batting - Pitching for Brinkley Belugas : LHP Chad Price
Batting: SHB Jim Unknown 0-0: Ball
1-0: Ball
2-0: Ball
3-0: Base on Balls
Batting: RHB Bernardo Burgos 0-0: Swinging Strike
0-1: Ball
1-1: Swinging Strike
1-2: Ball
2-2: Grounds into double play, 6-4-3 (Groundball, 6)
Batting: RHB Dan Holliday 0-0: Ground out 6-3 (Groundball, 6)
Bottom of the 8th over - 0 run(s), 0 hit(s), 0 error(s), 0 left on base; Brinkley 5 - Lévis 11
TOP OF THE 9TH
Brinkley Belugas batting - Pitching for Lévis Rocks : LHP Jim Unknown
Batting: RHB Dave Nichols 0-0: Ball
1-0: Ball
2-0: Called Strike
2-1: Foul Ball, location: 2F
2-2: Ball
3-2: Fly out, F8 (Flyball, 78M)
Pitching: RHP Eduardo Estrada
Batting: SHB Earl Holman 0-0: Ball
1-0: Called Strike
1-1: Swinging Strike
1-2: Ball
2-2: Foul Ball, location: 2F
2-2: Fly out, F6 (Popup, 56)
Batting: LHB George Wilcox 0-0: Swinging Strike
0-1: Called Strike
0-2: Ball
1-2: Strikes out looking
Top of the 9th over - 0 run(s), 0 hit(s), 0 error(s), 0 left on base; Brinkley 5 - Lévis 11
This league is powered by Out of the Park Baseball, the baseball management simulation game for PC, Mac and Linux
Saturday, February 27th, 2021 - OOTP Baseball 15.6 Build 34